[Event "Satka Autumn 2017"]
[Site "Satka"]
[Date "2017.09.12"]
[Round "1"]
[White "Semenova, Elena"]
[Black "Mukhina, Jana"]
[Result "0-1"]
[ECO "C44"]
[WhiteElo "2284"]
[BlackElo "1923"]
[Annotator "ChessBase"]
[PlyCount "74"]
[EventDate "2017.??.??"]
[EventType "swiss"]
[EventCountry "RUS"]
[SourceTitle "playchess.com"]
[Source "ChessBase"]
[SourceQuality "1"]
[TimeControl "5400+30"]

1. e4 e5 2. Nf3 Nc6 3. d4 exd4 4. Nxd4 Bb4+ 5. c3 Bc5 6. Be3 Bb6 7. Nf5 g6 8. Bxb6 axb6 9. Ne3 Nf6 10. f3 O-O 11. c4 d5 12. cxd5 Nxe4 13. fxe4 Qh4+ 14. Ke2 Bg4+ 15. Nxg4 Qxg4+ 16. Kd2 Qf4+ 17. Kc2 Nb4+ 18. Kb3 Nxd5 19. Bd3 Ne7 20. Nc3 Nc6 21. a3 Rfd8 22. Nd5 Qe5 23. Rc1 b5 24. Rf1 Nd4+ 25. Ka2 c6 26. Nb4 Ra4 27. Bc2 Rxb4 28. axb4 Ra8+ 29. Kb1 Qe6 30. Ba4 Qxe4+ 31. Bc2 Qd5 32. b3 Qe5 33. Bd3 Nc2 34. Qe2 Na3+ 35. Ka2 Nc4+ 36. Kb1 Ra1+ 37. Kc2 Qb2+ 0-1

[Event "Satka Autumn 2017"]
[Site "Satka"]
[Date "2017.09.13"]
[Round "2"]
[White "Nasybullina, Dayana"]
[Black "Trapeznikova, Darya"]
[Result "0-1"]
[ECO "A06"]
[WhiteElo "1724"]
[BlackElo "2101"]
[Annotator "RC"]
[PlyCount "110"]
[EventDate "2017.??.??"]
[EventType "swiss"]
[EventCountry "RUS"]
[SourceTitle "playchess.com"]
[Source "ChessBase"]
[SourceQuality "1"]
[TimeControl "5400+30"]

1. Nf3 d5 2. g3 c6 3. Bg2 Nf6 4. O-O Bf5 5. d3 h6 6. Nbd2 Nbd7 7. Re1 e5 8. e4 dxe4 9. dxe4 Be6 10. b3 Qc7 11. Bb2 Bc5 12. Qe2 O-O 13. Nc4 Ng4 14. Rf1 b5 15. Ncd2 a5 16. h3 Ngf6 17. c4 b4 18. Rfd1 Bd6 19. Ne1 Nc5 20. Nd3 Nfd7 21. Nf3 f6 22. Nfe1 Rfd8 23. Nxc5 Nxc5 24. Nd3 a4 25. Nxc5 Bxc5 26. Rxd8+ Rxd8 27. bxa4 Qd7 28. Bf3 Kh7 29. Bg4 Bxg4 30. hxg4 Qa7 31. Qc2 Ra8 32. a3 Qxa4 33. Qxa4 Rxa4 34. axb4 Rxb4 35. Ba3 Rxc4 36. Bxc5 Rxc5 37. Kg2 Rc3 38. Ra7 Kg6 39. Rb7 c5 40. Rd7 Kh7 41. Ra7 Rc1 42. Kf3 Kg8 43. Ra8+ Kf7 44. Ra7+ Kg6 45. Ke2 Rc2+ 46. Ke3 c4 47. Rb7 c3 48. Rd7 Rc1 49. Rc7 c2 50. Ke2 h5 51. gxh5+ Kxh5 52. f4 Rh1 53. Rxc2 Rh2+ 54. Kd3 Rxc2 55. Kxc2 Kg4 0-1

[Event "Satka Autumn 2017"]
[Site "Satka"]
[Date "2017.09.14"]
[Round "3"]
[White "Vinokur, Yuliya"]
[Black "Mukhina, Jana"]
[Result "1-0"]
[ECO "A05"]
[WhiteElo "2086"]
[BlackElo "1923"]
[Annotator "NA RC"]
[PlyCount "137"]
[EventDate "2017.??.??"]
[EventType "swiss"]
[EventCountry "RUS"]
[SourceTitle "playchess.com"]
[Source "ChessBase"]
[SourceQuality "1"]
[TimeControl "5400+30"]

1. Nf3 Nf6 2. g3 b5 3. Bg2 Bb7 4. O-O e6 5. b3 Be7 6. c4 b4 {[%emt 0:02:06] A05: Übergänge in verschiedene Eröffnungen} (6... a6 7. Bb2 O-O 8. Na3 c6 9. d4 d6 10. Nd2 Ra7 11. e4 Nbd7 12. Nc2 e5 13. Re1 Re8 14. a4 Ra8 15. b4 exd4 16. Bxd4 {1-0 (48) Malakhov,V (2702)-Sjugirov,S (2670) Sochi 2015}) 7. Bb2 O-O 8. d4 d6 9. Nbd2 Nbd7 {[%emt 0:05:29] LiveBook: 4 Games} 10. Qc2 c5 11. e4 cxd4 $1 12. Nxd4 Qb6 13. Rfe1 Rfd8 $146 ({Vorgänger:} 13... Rac8 14. N4f3 {1-0 (55) Jimenez,J (2181)-Mateus,A (2274) Bogota 2014}) 14. Rad1 Rac8 15. Nf1 $1 Bf8 16. Ne3 Nc5 17. f3 a6 18. Qf2 Nfd7 19. Rd2 a5 20. Red1 a4 21. bxa4 Nxa4 22. Bf1 Ndc5 23. Nb5 Bxe4 24. fxe4 Nxe4 25. Qe2 Nxd2 26. Bd4 Nc5 27. Qxd2 Ra8 28. Ng4 e5 29. Bf2 h5 30. Ne3 Ne4 31. Qc2 Nxf2 32. Qxf2 {[%emt 0:00:02] [#]} d5 $1 33. Nxd5 ({Viel schwächer wäre} 33. Rxd5 Rxd5 34. Nxd5 Qxf2+ 35. Kxf2 Rxa2+ 36. Be2 b3 $19) 33... Qxf2+ 34. Kxf2 Rxa2+ 35. Kf3 Rc8 36. Rb1 Rxh2 37. Nxb4 f5 38. Ke3 Bc5+ 39. Kd3 e4+ 40. Kc3 Rf2 41. Nd4 e3 42. Bd3 g6 43. Re1 Re8 44. Nd5 Kg7 45. Nxe3 Bxd4+ 46. Kxd4 Kf8 47. Rb1 Rf3 48. Nd5 Rxg3 49. Rb7 Rd8 50. Kc3 Ra8 51. Kd4 Ra3 52. Bc2 Ra2 53. Bb1 Re2 54. c5 Rg4+ 55. Kd3 (55. Kc3 $5 Re6 56. Rb6 Rg3+ 57. Bd3 $14) 55... Re5 $2 (55... Ree4 $11 56. Rb8+ Kg7) 56. Nf6 Rg3+ 57. Kd4 Re6 58. Nd7+ Ke8 $2 (58... Ke7 {was worth a try.} 59. Ne5+ Kf6) 59. Ne5 h4 60. Ba2 Ra6 61. Bc4 Ra1 62. Kd5 Re3 63. Ke6 (63. Kd6 $142 Rd1+ 64. Bd5 Rxd5+ 65. Kxd5) 63... Rxe5+ 64. Kxe5 Kd8 65. Rh7 Rc1 66. Kd6 Kc8 67. Be6+ Kb8 68. Rxh4 Rd1+ 69. Bd5 1-0

[Event "Satka Autumn 2017"]
[Site "Satka"]
[Date "2017.09.14"]
[Round "3"]
[White "Nosacheva, Mariya"]
[Black "Simakova, Elena"]
[Result "1-0"]
[ECO "B34"]
[WhiteElo "2077"]
[BlackElo "1951"]
[Annotator "NA RC"]
[PlyCount "75"]
[EventDate "2017.??.??"]
[EventType "swiss"]
[EventCountry "RUS"]
[SourceTitle "playchess.com"]
[Source "ChessBase"]
[SourceQuality "1"]
[TimeControl "5400+30"]

1. e4 c5 2. Nf3 Nc6 3. d4 cxd4 4. Nxd4 g6 5. Nc3 Bg7 6. Be3 d6 7. Qd2 Nf6 8. f3 Bd7 9. O-O-O {[%emt 0:02:45] LiveBook: 226 Games} Rc8 10. Kb1 Qa5 {[%emt 0:04:00] B75: Sicilian Dragon: Yugoslav Attack, Miscellaneous} 11. g4 Ne5 12. h4 a6 (12... Be6 $142) (12... Rxc3 13. Qxc3 Qxc3 14. bxc3 Nxf3 15. Nxf3 Bxg4 16. Bb5+ Kf8 17. Nd2 a6 18. Bc4 Bxd1 19. Rxd1 {½-½ (80) Efimenko,Z (2648)-Nakamura,H (2775) Dubai 2014}) 13. h5 b5 $146 ({Predecessor:} 13... O-O 14. Nd5 Qxd2 15. Nxe7+ Kh8 16. Rxd2 Rce8 17. h6 Rxe7 18. hxg7+ Kxg7 19. Bh6+ {1-0 (35) Schaefer,P (1882)-Sievers,A Korbach 2007}) 14. h6 Bf8 15. Bg5 b4 16. Nce2 Nc4 17. Qc1 Qc5 (17... Ng8 $16 {keeps fighting.}) 18. Bxf6 exf6 19. Nf4 Be7 20. Nd5 Be6 21. Bxc4 Qxc4 22. Nxe6 fxe6 23. Nb6 Qc5 24. Nxc8 Qxc8 25. Qe3 Qb7 26. f4 Kd7 27. Rhf1 Re8 28. e5 d5 29. f5 gxf5 30. gxf5 Bd8 31. Qd4 exf5 $18 32. exf6 Re4 33. Qxd5+ Qxd5 34. Rxd5+ Kc7 35. Rdxf5 Re8 36. f7 Rf8 37. Re5 Kd7 38. Rd1+ {[%emt 0:00:13] Kd6 Red5+ Kxd5} 1-0

[Event "Satka Autumn 2017"]
[Site "Satka"]
[Date "2017.09.14"]
[Round "3"]
[White "Pogorelskikh, Sofia"]
[Black "Nasybullina, Dayana"]
[Result "1/2-1/2"]
[ECO "B83"]
[WhiteElo "2023"]
[BlackElo "1724"]
[Annotator "NA RC"]
[PlyCount "141"]
[EventDate "2017.??.??"]
[EventType "swiss"]
[EventCountry "RUS"]
[SourceTitle "playchess.com"]
[Source "ChessBase"]
[SourceQuality "1"]
[TimeControl "5400+30"]

1. e4 c5 2. Nf3 e6 3. d4 cxd4 4. Nxd4 Nf6 5. Nc3 d6 6. Be2 Be7 7. Be3 O-O 8. O-O Nc6 9. f4 Re8 {[%emt 0:08:26] LiveBook: 8 Games B83: Sicilian Scheveningen: 6 Be2, lines without ...a6} (9... Bd7 10. Qd2 Nxd4 11. Bxd4 Bc6 12. Bf3 b5 13. e5 dxe5 14. fxe5 Nd5 15. Ne4 b4 16. c4 bxc3 17. bxc3 Rc8 18. Qf2 Bh4 19. Qd2 Be7 20. Qf2 Bh4 21. Qd2 Be7 {½-½ (21) Al Sayed,M (2508)-Salem,A (2638) Biel 2017}) 10. Qd2 a6 11. Bf3 Qc7 12. Rad1 e5 $146 ({Predecessor:} 12... Nxd4 13. Qxd4 e5 14. fxe5 dxe5 15. Qb6 Qxb6 16. Bxb6 Be6 17. Nd5 Rac8 18. c3 Nd7 {½-½ (26) Faber,H (2504)-Buettner,F (2445) Remote email 2013}) 13. Nxc6 bxc6 14. fxe5 dxe5 15. Na4 Rb8 16. b3 Ng4 17. Bxg4 Bxg4 18. Rde1 Be6 19. Qf2 f6 20. Rd1 Rb4 21. Bb6 Qb7 22. Rfe1 c5 23. Bxc5 Rxe4 24. Rxe4 Qxe4 25. Bxe7 Rxe7 26. Nc5 Qc6 27. Nxe6 Rxe6 28. Qa7 h6 (28... Re8 $14) 29. c4 Qe4 30. Qd7 Qe3+ 31. Kh1 Rb6 32. h3 Qf2 33. Qd5+ (33. Qd3 $5 Kh8 34. Rd2 $14) 33... Kh8 (33... Kh7 $14) 34. c5 Rb4 35. a3 $2 (35. c6 $18 Rd4 {[#]} 36. c7 $1 Rxd5 37. c8=Q+ Kh7 38. Rxd5) 35... Rd4 36. Rxd4 exd4 37. Qa8+ Kh7 38. Qe4+ f5 39. Qd5 Qf1+ 40. Kh2 d3 41. Qd4 Qe2 42. c6 d2 43. c7 d1=Q 44. Qxd1 Qxd1 45. c8=Q Qd6+ 46. Kg1 Qd4+ 47. Kf1 Qa1+ 48. Kf2 Qb2+ 49. Kg1 Qd4+ 50. Kf1 Qa1+ 51. Ke2 Qb2+ 52. Ke1 Qxa3 53. Qxf5+ Kh8 54. Qc8+ Kh7 55. Qc2+ Kh8 56. Kf2 Kg8 57. Ke3 Qe7+ 58. Kd3 Qd6+ 59. Ke2 Qe5+ 60. Kd2 Qf4+ 61. Kc3 Qc7+ 62. Kb2 Qe5+ $11 63. Ka2 Qa5+ 64. Kb1 Qe1+ 65. Kb2 Qe5+ 66. Qc3 Qe2+ 67. Qc2 Qe5+ 68. Kc1 Qe1+ $11 69. Qd1 Qxd1+ 70. Kxd1 Kf7 71. Kd2 1/2-1/2

[Event "Satka Autumn 2017"]
[Site "Satka"]
[Date "2017.09.14"]
[Round "3"]
[White "Matsenko, Elena"]
[Black "Nasybullina, Alfia"]
[Result "1-0"]
[ECO "A20"]
[WhiteElo "1927"]
[BlackElo "2045"]
[Annotator "NA RC"]
[PlyCount "123"]
[EventDate "2017.??.??"]
[EventType "swiss"]
[EventCountry "RUS"]
[SourceTitle "playchess.com"]
[Source "ChessBase"]
[SourceQuality "1"]
[TimeControl "5400+30"]

1. c4 e5 2. g3 g6 3. Bg2 Bg7 4. e3 {[%emt 0:00:33] A20: English Opening: 1...e5} d6 5. Ne2 {[%emt 0:00:30] LiveBook: 3 Games} h5 6. Nbc3 h4 7. d4 Nd7 $146 ({Predecessor:} 7... Nh6 8. e4 Bg4 9. Qd3 Nd7 10. d5 Nc5 11. Qe3 {0-1 (19) Sokolov,I (2580)-Tseshkovsky,V (2520) Wijk aan Zee 1989}) 8. b3 Ne7 9. Bb2 f5 10. Qd2 h3 11. Bf1 b5 12. Nxb5 Bb7 13. d5 a6 14. Nbc3 c6 $1 15. Ng1 Nf6 16. Bxh3 cxd5 17. Bg2 O-O 18. Nge2 e4 19. Nxd5 Nfxd5 20. Bxg7 Nxe3 21. Qxe3 Kxg7 22. O-O Qd7 23. Rad1 Nc6 24. f3 exf3 25. Bxf3 Rae8 26. Qc3+ Kh7 27. Nf4 g5 28. Bxc6 Qxc6 29. Nd5 Kg6 30. Rde1 Qc5+ 31. Ne3 {[%emt 0:03:36] [#]} f4 $1 32. b4 Qb6 33. gxf4 gxf4 34. c5 dxc5 35. bxc5 Qe6 36. Ng2 Qd5 37. Qc2+ Kg7 38. Rxe8 Rxe8 39. Rxf4 Re1+ 40. Rf1 Qd4+ 41. Qf2 Rxf1+ 42. Kxf1 Qc4+ 43. Kg1 Qc1+ 44. Ne1 Qb1 45. Qg3+ Kf8 46. Qc3 Qe4 47. Qg3 (47. Kf2 $16) 47... Bc6 48. h4 Ke8 $16 49. Nd3 Qd4+ 50. Kh2 Qc4 51. Qg6+ Kf8 52. Qxc6 Qxh4+ 53. Kg2 Qg4+ 54. Kf2 Qh4+ 55. Ke3 Qg5+ 56. Kd4 Qg1+ 57. Kc4 Qg4+ 58. Kc3 Qg7+ 59. Kc2 Qa1 60. Qd6+ Kg8 61. Qd5+ Kh7 62. c6 1-0

[Event "Satka Autumn 2017"]
[Site "Satka"]
[Date "2017.09.14"]
[Round "3"]
[White "Surovtseva, Alisa"]
[Black "Nasyrova, Ekaterina"]
[Result "0-1"]
[ECO "C48"]
[WhiteElo "1623"]
[BlackElo "2017"]
[Annotator "NA RC"]
[PlyCount "96"]
[EventDate "2017.??.??"]
[EventType "swiss"]
[EventCountry "RUS"]
[SourceTitle "playchess.com"]
[Source "ChessBase"]
[SourceQuality "1"]
[TimeControl "5400+30"]

1. e4 e5 2. Nf3 Nc6 3. Nc3 Nf6 4. Bb5 Bd6 5. O-O O-O 6. d3 h6 7. a3 a6 8. Ba4 b5 9. Bb3 Bb7 10. Ne2 {[%emt 0:05:54] C78: Ruy Lopez: Archangelsk and Möller Defences} (10. Nd5 Re8 11. Bd2 Nd4 12. Nxd4 exd4 13. Qf3 Nxd5 14. exd5 Qh4 15. g3 Qh3 16. Rae1 Re5 17. Rxe5 Bxe5 {½-½ (59) Grandelius,N (2623)-Fressinet,L (2712) Oslo 2015}) 10... Re8 11. Ng3 Bf8 {[%emt 0:08:19] LiveBook: 11 Games} 12. Bd2 d5 13. Bc3 dxe4 $146 ({Find the theoretical novelty and annotate with similar games:} 13... Qd7 14. Re1 d4 15. Bd2 Nd8 16. Nh4 Ne6 17. Rf1 Nf4 18. Bxf4 exf4 {1-0 (29) Ruiz Sanchez,O (2381)-Arencibia Rodriguez,W (2500) Havana 2010}) 14. dxe4 Nd4 15. Nxd4 exd4 16. Qxd4 Qxd4 17. Bxd4 Nxe4 18. Nxe4 Bxe4 19. Rad1 c5 20. Be3 c4 21. Ba2 Bxc2 22. Rd2 Bf5 23. Bb1 Bxb1 24. Rxb1 Rad8 25. Rbd1 Rxd2 26. Bxd2 Rd8 27. Kf1 Be7 28. Ke2 Bf6 29. Rb1 Rd3 30. a4 Rb3 31. axb5 axb5 32. Bc1 c3 33. Kd1 cxb2 34. Bd2 Ra3 35. Kc2 Ra1 36. Bb4 Kh7 37. Bd2 $19 Kg6 38. g4 Bd4 39. f4 Kf6 40. h4 Ke6 41. h5 Kd5 42. g5 Kc4 43. g6 fxg6 44. hxg6 b4 45. Rxb2 b3+ 46. Rxb3 Ra2+ 47. Kb1 Kxb3 48. f5 Ra1# 0-1

[Event "Satka Autumn 2017"]
[Site "Satka"]
[Date "2017.09.15"]
[Round "4"]
[White "Schepetkova, Margarita"]
[Black "Charochkina, Daria"]
[Result "1-0"]
[ECO "A80"]
[WhiteElo "2266"]
[BlackElo "2339"]
[Annotator "RC"]
[PlyCount "91"]
[EventDate "2017.??.??"]
[EventType "swiss"]
[EventCountry "RUS"]
[SourceTitle "playchess.com"]
[Source "ChessBase"]
[SourceQuality "1"]
[TimeControl "5400+30"]

1. d4 f5 2. Nc3 Nf6 3. Bg5 c6 4. Qd3 d5 5. f3 b5 6. a3 e6 7. e4 Be7 8. e5 Nfd7 9. Bxe7 Qxe7 10. f4 Nb6 11. b3 a6 12. Nf3 c5 13. dxc5 Qxc5 14. Qd4 Qc7 15. Bd3 O-O 16. Ne2 Bb7 17. O-O N8d7 18. Qe3 Rfe8 19. Ned4 Nc5 20. Kh1 Rac8 21. Rg1 Nxd3 22. cxd3 h6 23. Rgc1 Qd8 24. Rxc8 Qxc8 25. Rc1 Qd7 26. Qd2 Rc8 27. h3 Kf7 28. Kg1 Rc7 29. Kf2 Qc8 30. Rxc7+ Qxc7 31. Qc2 Qe7 32. Qc1 Ke8 33. g3 Kf7 34. b4 Na4 35. g4 g6 36. g5 h5 37. Nd2 a5 38. Nxb5 d4 39. Nd6+ Kg7 40. Qc4 Nc3 41. Qxd4 Nd1+ 42. Ke1 Bd5 43. Kxd1 axb4 44. axb4 Kh7 45. Qc5 Qd7 46. b5 1-0

[Event "Satka Autumn 2017"]
[Site "Satka"]
[Date "2017.09.15"]
[Round "4"]
[White "Lomakina, Galja"]
[Black "Nosacheva, Mariya"]
[Result "1/2-1/2"]
[ECO "A05"]
[WhiteElo "1962"]
[BlackElo "2077"]
[Annotator "NA RC"]
[PlyCount "84"]
[EventDate "2017.??.??"]
[EventType "swiss"]
[EventCountry "RUS"]
[SourceTitle "playchess.com"]
[Source "ChessBase"]
[SourceQuality "1"]
[TimeControl "5400+30"]

1. d3 Nf6 2. g3 e6 3. Nf3 b5 4. Bg2 Bb7 5. O-O d6 6. e4 Nbd7 7. b3 c5 8. Bb2 Be7 9. Nbd2 O-O 10. Qe2 {[%emt 0:00:31] LiveBook: 5 Games A05: Réti Opening: 1 Nf3 Nf6} Qc7 11. h3 $146 ({Predecessor:} 11. c3 a5 12. a4 bxa4 13. bxa4 Nb6 14. e5 dxe5 15. Qxe5 Qd7 16. Qf4 Nfd5 17. Qg4 f5 {0-1 (32) Zhou,Y (2326)-Williams,S (2493) London 2010}) 11... c4 12. bxc4 Rfc8 (12... bxc4 $11 13. Nxc4 Rab8) 13. Nd4 bxc4 14. Nxc4 Ne5 15. Ne3 Rab8 16. Rfb1 Qa5 17. f4 Nc6 18. Nxc6 Bxc6 19. Kh2 Qa4 20. c4 Nd7 21. f5 e5 22. h4 Nc5 23. Bh3 Rc7 24. Bxe5 $2 (24. Bc3 $16 {stays on course.} Rcb7 25. Rxb7 Rxb7 26. Qd2) 24... Rxb1 25. Rxb1 dxe5 26. Rb8+ Bf8 27. f6 g6 (27... Rb7 $17 28. Rd8 Be8) 28. Ng4 Be8 29. Nxe5 Rb7 30. Rxb7 Nxb7 31. d4 Qa6 32. Bc8 {[%emt 0:01:18] [#]} Qb6 $1 33. Bxb7 Qxb7 34. c5 {[%emt 0:00:38] [#]} h5 $2 (34... Qb4 $1 $19 35. Nf3 Bh6) 35. Nc4 $2 (35. Qc2 $1 $15) 35... Qa6 36. Qc2 Qxf6 37. Ne5 $1 $11 Qe6 38. Qc4 $2 (38. c6 {kämpft weiter.}) 38... Qf6 $2 (38... Bg7 $19 39. Qxe6 fxe6) 39. c6 $2 Bd6 $2 (39... Qf2+ $19 {is more deadly.} 40. Kh1 (40. Kh3 $2 Bd6 $19) 40... Qxg3) 40. c7 Qf2+ 41. Kh1 {[%emt 0:00:41] [#]} Bxc7 $19 42. Qxc7 Qf1+ ({Worse is} 42... Qxg3 43. Qd8 $15) (42... Qxd4 $19 43. Qb8 Qxe4+ 44. Kh2 Qa4) 1/2-1/2

[Event "Satka Autumn 2017"]
[Site "Satka"]
[Date "2017.09.15"]
[Round "4"]
[White "Mukhina, Jana"]
[Black "Pogorelskikh, Sofia"]
[Result "0-1"]
[ECO "B52"]
[WhiteElo "1923"]
[BlackElo "2023"]
[Annotator "NA RC"]
[PlyCount "128"]
[EventDate "2017.??.??"]
[EventType "swiss"]
[EventCountry "RUS"]
[SourceTitle "playchess.com"]
[Source "ChessBase"]
[SourceQuality "1"]
[TimeControl "5400+30"]

1. e4 c5 2. Nf3 d6 3. Bb5+ Bd7 4. Bxd7+ Qxd7 5. O-O Nf6 6. Qe2 Nc6 7. Rd1 {[%emt 0:00:01] B52: Sicilian: Moscow Variation with 3...Bd7} (7. c3 e6 8. d4 cxd4 9. cxd4 d5 10. e5 Ne4 11. Nbd2 Nxd2 12. Bxd2 Be7 13. Rac1 O-O 14. g3 Rfc8 15. h4 Bd8 16. h5 h6 17. Kg2 Ne7 18. b3 Rxc1 19. Rxc1 Rc8 20. Rxc8 Qxc8 21. Qd3 Nc6 22. Ne1 Be7 23. Nc2 a6 24. g4 Qf8 25. Qc3 Bd8 26. Qd3 Be7 27. Qc3 Bd8 28. Qd3 {½-½ (28) Laznicka,V (2664)-Kovalyov,A (2641) Linares 2017}) 7... Rc8 (7... g5 $5) 8. c3 e6 9. d4 cxd4 10. Bg5 (10. cxd4 d5 11. e5 Ne4 12. Be3 Be7 13. Ne1 f6 14. f3 Ng5 15. Bxg5 fxg5 {0-1 (29) Mukhina,J (2125)-Pogorelskikh,S (1721) Satka 2016}) 10... Be7 11. cxd4 h6 {[%emt 0:02:14] LiveBook: 8 Games} 12. Bxf6 Bxf6 13. e5 Be7 14. exd6 Qxd6 15. Nc3 $146 Nb4 16. d5 (16. a3 $5 Nd5 17. Qb5+ Qc6 18. Qxc6+ bxc6 19. Rac1 $14) 16... Nxd5 17. Nxd5 exd5 18. Nd4 Kf8 ({Don't blunder} 18... O-O $2 19. Nf5 $18) 19. Rd3 (19. Nf5 $5 Qe6 20. Qd3 $11) 19... g6 20. Rad1 Bf6 21. Nb5 Qe6 22. Qd2 a6 23. Nd4 Qb6 24. g3 Kg7 25. Rb3 Qc7 26. Ne2 Rhd8 27. Nf4 d4 28. Rd3 Rd6 29. Ne2 Rcd8 30. h4 h5 31. Qf4 Qd7 32. Nc3 Qg4 33. Ne4 (33. Qxg4 $142 hxg4 34. Ne4) 33... Qxf4 34. gxf4 Rb6 ({Not} 34... Bxh4 35. Nxd6 Rxd6 36. Rxd4 $14) 35. Nxf6 Kxf6 36. b3 Rbd6 37. Kg2 Kf5 38. Kf3 Rd5 39. R1d2 f6 40. Rd1 R8d7 41. R1d2 Ra5 42. a4 Rc5 43. Rd1 b6 44. Kg3 a5 45. Kf3 Rd6 46. Kg3 {[%emt 0:00:57] [#]} Ke6 $1 47. Kf3 Rc3 48. Ke4 (48. Ke2 $142) 48... f5+ 49. Kf3 Rxd3+ 50. Rxd3 Kd5 51. Rd1 Rc6 52. Rg1 Rc3+ 53. Ke2 Rxb3 54. f3 (54. Rxg6 $142 Ke4 55. Re6+ Kxf4 56. Rg6) 54... Re3+ 55. Kd2 Rxf3 56. Rxg6 Rxf4 57. Rxb6 Rxh4 58. Rb5+ Ke4 59. Rxa5 Rh2+ 60. Ke1 Ra2 61. Ra8 h4 62. a5 h3 63. a6 h2 64. Rh8 {[%emt 0:00:09] [#]} h1=Q+ 0-1

[Event "Satka Autumn 2017"]
[Site "Satka"]
[Date "2017.09.16"]
[Round "5"]
[White "Nosacheva, Mariya"]
[Black "Kovanova, Baira"]
[Result "1-0"]
[ECO "C88"]
[WhiteElo "2077"]
[BlackElo "2368"]
[Annotator "ChessBase"]
[PlyCount "103"]
[EventDate "2017.??.??"]
[EventType "swiss"]
[EventCountry "RUS"]
[SourceTitle "playchess.com"]
[Source "ChessBase"]
[SourceQuality "1"]
[TimeControl "5400+30"]

1. e4 e5 2. Nf3 Nc6 3. Bb5 a6 4. Ba4 Nf6 5. O-O Be7 6. Re1 b5 7. Bb3 d6 8. a4 b4 9. a5 O-O 10. d3 Rb8 11. Nbd2 Be6 12. Nc4 h6 13. c3 Nd7 14. d4 exd4 15. cxd4 Bg4 16. Ba4 Na7 17. Ne3 Bh5 18. Nd5 c6 19. Nxe7+ Qxe7 20. Bf4 Qf6 21. Bg3 Nb5 22. e5 Qd8 23. exd6 Qxa5 24. Qd3 Bg6 25. Qd2 Bh5 26. Ne5 Nxe5 27. dxe5 c5 28. f4 Nd4 29. Bf2 Qb6 30. Bxd4 cxd4 31. Qd3 a5 32. Kh1 Bg6 33. f5 Bh7 34. Rac1 Qd8 35. Rc7 Qg5 36. Rf1 b3 37. h3 Rb4 38. Bd7 a4 39. Ra7 Qd8 40. Rxa4 Rb6 41. Ra7 Qh4 42. Rfa1 Qf4 43. Ra8 Rbb8 44. Rxb8 Rxb8 45. Qxb3 Rf8 46. Qd5 d3 47. e6 fxe6 48. Bxe6+ Kh8 49. d7 Qc7 50. Qxd3 Qb6 51. b3 Qc7 52. Qd2 1-0

[Event "Satka Autumn 2017"]
[Site "Satka"]
[Date "2017.09.16"]
[Round "5"]
[White "Pogorelskikh, Sofia"]
[Black "Maletina, Tatiana"]
[Result "0-1"]
[ECO "C18"]
[WhiteElo "2023"]
[BlackElo "2241"]
[Annotator "ChessBase"]
[PlyCount "126"]
[EventDate "2017.??.??"]
[EventType "swiss"]
[EventCountry "RUS"]
[SourceTitle "playchess.com"]
[Source "ChessBase"]
[SourceQuality "1"]
[TimeControl "5400+30"]

1. e4 e6 2. d4 d5 3. Nc3 Bb4 4. e5 c5 5. a3 Bxc3+ 6. bxc3 Qa5 7. Bd2 Qa4 8. Qb1 c4 9. Nh3 Nc6 10. Nf4 Nge7 11. Nh5 Rg8 12. g3 Bd7 13. Bh3 O-O-O 14. O-O h6 15. Qb2 Kb8 16. Rae1 Bc8 17. Re2 g6 18. Nf6 Rh8 19. Qc1 Ng8 20. Nxg8 Rdxg8 21. Bg2 Qa5 22. Re3 g5 23. g4 Qd8 24. Rf3 Rg7 25. Rf6 Ne7 26. f4 Ng8 27. fxg5 Nxf6 28. gxf6 Rxg4 29. Bxh6 Qg8 30. Bg7 Rhh4 31. Rf3 Qh7 32. Rg3 Rxg3 33. hxg3 Rg4 34. Kf2 Qg6 35. Bf3 Rxg3 36. Qh6 Rxf3+ 37. Kxf3 Qxc2 38. Qe3 b6 39. Bh6 Kb7 40. Qc1 Qe4+ 41. Kf2 Bd7 42. Qe3 Qh4+ 43. Ke2 Ba4 44. Bf8 Bc2 45. Qf2 Qg4+ 46. Kd2 Qd1+ 47. Ke3 Qd3+ 48. Kf4 Qxc3 49. Bb4 Qd3 50. Qd2 Qf1+ 51. Ke3 Be4 52. Qe2 Qh3+ 53. Kd2 a5 54. Bc3 Bd3 55. Qf2 Bg6 56. Qe3 Qf5 57. Ke2 Ka6 58. Qd2 Qg4+ 59. Kf2 Be4 60. Qb2 Qf3+ 61. Ke1 Bd3 62. a4 Ka7 63. Qd2 Qf1# {[%emt 0:00:07] Kd1 Qe1+} 0-1

[Event "Satka Autumn 2017"]
[Site "Satka"]
[Date "2017.09.16"]
[Round "5"]
[White "Chan, Naruna"]
[Black "Protopopova, Anastasiya"]
[Result "0-1"]
[ECO "D45"]
[WhiteElo "1951"]
[BlackElo "2152"]
[Annotator "NA"]
[PlyCount "112"]
[EventDate "2017.??.??"]
[EventType "swiss"]
[EventCountry "RUS"]
[SourceTitle "playchess.com"]
[Source "ChessBase"]
[SourceQuality "1"]
[TimeControl "5400+30"]

1. d4 d5 2. c4 c6 3. Nf3 Nf6 4. Nc3 a6 5. e3 e6 6. Bd3 dxc4 {[%emt 0:04:32] D45: Semi-Slav: 5 e3} 7. Bxc4 b5 (7... c5 8. O-O b5 9. Be2 Bb7 10. dxc5 Nc6 11. Nd2 Bxc5 12. Nde4 Nxe4 13. Nxe4 Be7 14. b3 Nb4 15. Bf3 O-O 16. Ba3 Rc8 17. Nf6+ Bxf6 18. Bxb7 Bxa1 19. Bxb4 {½-½ (33) Karjakin,S (2772)-Carlsen,M (2853) New York 2016}) 8. Bb3 Bb7 9. O-O {[%emt 0:00:12] LiveBook: 3 Games} Be7 10. a3 c5 11. dxc5 Nbd7 12. Bc2 (12. c6 $5 Bxc6 13. Bd2 $15) 12... Nxc5 13. b4 $146 ({Find the theoretical novelty and annotate with similar games:} 13. Qxd8+ Rxd8 14. Rd1 Rxd1+ 15. Nxd1 O-O 16. b4 Nce4 {0-1 (67) Angelov,G (2128)-Metev,M (2018) Sofia 2016}) 13... Ncd7 14. Bb2 O-O 15. Qe2 Rc8 16. Rfd1 Qc7 17. Rac1 Qb8 18. e4 Rfd8 19. Nd4 (19. Nb1 $11 {keeps the balance.}) 19... Ne5 20. Bb1 {[%emt 0:08:29] [#]} ({White should play} 20. Nb1 $15) 20... Nc4 $1 ({Don't do} 20... Neg4 21. Nf3 $15) 21. Nf3 Nxb2 (21... Rxd1+ $19 22. Rxd1 Nxb2 23. Qxb2 Qc7) 22. Rxd8+ Bxd8 23. Qxb2 Qf4 24. Qd2 Qxd2 25. Nxd2 Bb6 26. Kf1 (26. Nb3 $17 {keeps fighting.}) 26... Bd4 (26... Ng4 $19 27. Ne2 Nxf2 28. Rxc8+ Bxc8) 27. Ne2 Bb2 28. Rxc8+ Bxc8 29. a4 ({White should try} 29. Nf4 $15) 29... bxa4 30. Nc4 {[%emt 0:00:31] [#]} Ba1 $1 31. Nb6 Bd7 32. Nxd7 Nxd7 33. Bd3 Ne5 34. Bc2 a3 35. Nc1 Bb2 36. Na2 g5 37. Ke2 Kf8 38. h3 Ke7 $17 39. g3 Kd7 40. f4 gxf4 41. gxf4 Nc6 42. Bd3 Nd4+ 43. Ke3 Nb5 44. Kd2 Kc6 45. h4 h6 46. Be2 f6 47. Bf1 Kb6 48. Bc4 e5 49. fxe5 Bxe5 50. Kc2 Nd4+ 51. Kb1 Nf3 52. Be2 Nxh4 53. Nc1 Ng2 54. Ka2 Nf4 55. Bf3 Bb2 56. Ne2 Nd3 0-1

[Event "Satka Autumn 2017"]
[Site "Satka"]
[Date "2017.09.16"]
[Round "5"]
[White "Matsenko, Elena"]
[Black "Simakova, Elena"]
[Result "1-0"]
[ECO "A05"]
[WhiteElo "1927"]
[BlackElo "1951"]
[Annotator "NA RC"]
[PlyCount "81"]
[EventDate "2017.??.??"]
[EventType "swiss"]
[EventCountry "RUS"]
[SourceTitle "playchess.com"]
[Source "ChessBase"]
[SourceQuality "1"]
[TimeControl "5400+30"]

1. Nf3 Nf6 2. c4 g6 3. b3 Bg7 4. Bb2 d6 5. e3 O-O 6. d4 Nbd7 (6... e5 $5) 7. Be2 Re8 8. O-O c6 9. Nc3 Qc7 {[%emt 0:03:07] LiveBook: 3 Games} 10. Qc2 e5 11. dxe5 dxe5 12. Rfd1 Nc5 13. b4 {[%emt 0:07:18] E61: King's Indian: Early deviations for White, including Smyslov System} Bf5 14. Qc1 Nce4 15. Nxe4 Nxe4 $146 ({Predecessor:} 15... Bxe4) 16. Nd2 Nxd2 17. Qxd2 Rad8 18. Qc3 Rxd1+ 19. Rxd1 Rd8 20. Rxd8+ Qxd8 21. h3 Qe7 22. a3 h5 23. c5 f6 24. Bc4+ Be6 25. Qd3 Bxc4 26. Qxc4+ Kh7 27. a4 a6 28. Kf1 Qd7 29. Ke2 Bh6 30. Qd3 Qxd3+ 31. Kxd3 Kg7 32. Kc4 Kf7 33. b5 axb5+ $1 34. axb5 Ke6 35. e4 f5 36. f3 Be3 37. Bc3 fxe4 38. fxe4 Bf2 39. Bd2 Bd4 40. Bg5 Be3 (40... Kd7 $11) 41. Bxe3 1-0